[Event "Titled Tuesday Blitz February 14 Early 2023"]
[White "Livaic, Leon"]
[Black "Korobov, Anton"]
[WhiteFideId "14531534"]
[BlackFideId "14105730"]
[WhiteElo "2579"]
[BlackElo "2664"]
[Result "0-1"]
[Round "11"]
[TimeControl "180+2"]
[Date "2023.02.14"]
[WhiteClock "0:00:06"]
[BlackClock "0:01:02"]

1. d4 Nf6 2. c4 e6 3. Nf3 d5 4. Nc3 c6 5. Bg5 h6 6. Bxf6 Qxf6 7. Qc2 dxc4 8. e3 b5 9. a4 Bb4 10. axb5 cxb5 11. Qe4 Qg6 12. Qxa8 Qc2 13. Bxc4 Bxc3+ 14. Kf1 O-O 15. bxc3 Qxc3 16. Qxa7 Nc6 17. Qa2 Nb4 18. Qb1 Qxc4+ 19. Kg1 Bb7 20. h3 Nd3 21. Kh2 Nxf2 22. Rc1 Qe2 23. Ra2 Qxe3 24. Re1 Qf4+ 25. Kg1 Nxh3+ 26. gxh3 Qxf3 0-1


[Site "https://www.chess.com"]

[Event "Titled Tuesday Blitz February 14 Early 2023"]
[White "Makarian, Rudik"]
[Black "Van Foreest, Jorden"]
[WhiteFideId "44105681"]
[BlackFideId "1039784"]
[WhiteElo "2545"]
[BlackElo "2689"]
[Result "1-0"]
[Round "11"]
[TimeControl "180+2"]
[Date "2023.02.14"]
[WhiteClock "0:00:18"]
[BlackClock "0:00:01"]

1. d4 d5 2. c4 c6 3. Nf3 Nf6 4. Nc3 e6 5. Bg5 h6 6. Bh4 Be7 7. e3 O-O 8. Bd3 dxc4 9. Bxc4 b5 10. Bd3 Bb7 11. O-O Nbd7 12. Rc1 a5 13. Bxf6 Nxf6 14. Ne4 Nd7 15. Qc2 c5 16. Nxc5 Nxc5 17. dxc5 Rc8 18. Rfd1 Qe8 19. Qe2 Rxc5 20. Rxc5 Bxc5 21. Bxb5 Qb8 22. Bc4 Qc7 23. b3 Be7 24. h3 Bf6 25. e4 g6 26. Qe3 Bg7 27. Rd2 Ra8 28. a4 Rc8 29. Qd3 Bf6 30. Qe3 Kg7 31. h4 Bc6 32. Nd4 Bd7 33. g3 Rd8 34. Nf3 Bc6 35. Nd4 Bxa4 36. e5 Be7 37. h5 Bb4 38. Nxe6+ fxe6 39. Rxd8 Qxd8 40. bxa4 Qd1+ 41. Kg2 Qxh5 42. Qa7+ Kh8 43. Qb8+ Kg7 44. Qc7+ 1-0


[Site "https://www.chess.com"]

[Event "Titled Tuesday Blitz February 14 Early 2023"]
[White "Indjic, Aleksandar"]
[Black "Vokhidov, Shamsiddin"]
[WhiteFideId "911925"]
[BlackFideId "14204223"]
[WhiteElo "2618"]
[BlackElo "2586"]
[Result "1-0"]
[Round "11"]
[TimeControl "180+2"]
[Date "2023.02.14"]
[WhiteClock "0:01:10"]
[BlackClock "0:00:17"]

1. d4 Nf6 2. c4 e6 3. Nc3 Bb4 4. Qc2 d5 5. cxd5 exd5 6. Bg5 h6 7. Bh4 Nc6 8. e3 g5 9. Bg3 h5 10. Bd3 Qe7 11. Nf3 h4 12. Be5 Rh5 13. h3 g4 14. Bxf6 Qxf6 15. hxg4 Bxg4 16. Nh2 Be6 17. O-O-O O-O-O 18. f4 Rg8 19. Nf3 Bxc3 20. bxc3 Bg4 21. Rdg1 Bxf3 22. gxf3 Rxg1+ 23. Rxg1 h3 24. Qh2 Qe7 25. Kd2 Qa3 26. Rg8+ Kd7 27. Qg3 f5 28. Qg6 Rh4 29. Qe8+ Kd6 30. Rg6# 1-0


[Site "https://www.chess.com"]

[Event "Titled Tuesday Blitz February 14 Early 2023"]
[White "Nihal Sarin"]
[Black "Sanal, Vahap"]
[WhiteFideId "25092340"]
[BlackFideId "6300545"]
[WhiteElo "2673"]
[BlackElo "2600"]
[Result "0-1"]
[Round "11"]
[TimeControl "180+2"]
[Date "2023.02.14"]
[WhiteClock "0:00:01"]
[BlackClock "0:00:06"]

1. b3 d5 2. Bb2 Nf6 3. Nf3 Bf5 4. Nh4 Bg6 5. e3 e6 6. Nxg6 hxg6 7. g3 Nbd7 8. Bg2 Bd6 9. c4 c6 10. d4 Bb4+ 11. Bc3 Bxc3+ 12. Nxc3 Qa5 13. Qd2 a6 14. Rd1 Rd8 15. O-O dxc4 16. bxc4 Qh5 17. h3 g5 18. e4 g4 19. h4 Ne5 20. Qf4 Nxc4 21. Qc7 Rd7 22. Qb8+ Ke7 23. Qf4 Rhd8 24. d5 Qe5 25. Qc1 b5 26. Ne2 cxd5 27. Nd4 Qc7 28. exd5 Nxd5 29. Qg5+ Kf8 30. Nb3 Nf6 31. Rde1 Rd6 32. h5 Ke7 33. Re2 a5 34. Qxb5 Rb8 35. Qg5 a4 36. Nc5 Rb5 37. Nxe6 Rxg5 38. Nxc7+ Kd7 39. Rc1 Rc5 40. Nb5 Rxb5 41. Rxc4 Rd1+ 42. Bf1 Rbb1 43. Kg2 Rxf1 44. Rd2+ Ke6 45. Re2+ Kd5 46. Rec2 Rg1+ 0-1


[Site "https://www.chess.com"]

[Event "Titled Tuesday Blitz February 14 Early 2023"]
[White "Sarana, Alexey"]
[Black "Madaminov, Mukhiddin"]
[WhiteFideId "24133795"]
[BlackFideId "14210703"]
[WhiteElo "2685"]
[BlackElo "2422"]
[Result "1-0"]
[Round "11"]
[TimeControl "180+2"]
[Date "2023.02.14"]
[WhiteClock "0:00:49"]
[BlackClock "0:00:02"]

1. c4 g6 2. d4 Nf6 3. Nc3 d5 4. Bf4 Bg7 5. e3 O-O 6. Rc1 c6 7. Nf3 Bg4 8. h3 Bxf3 9. Qxf3 e6 10. Bd3 Nbd7 11. O-O Re8 12. cxd5 exd5 13. b4 a6 14. a4 b5 15. axb5 axb5 16. Nb1 Re6 17. Nd2 Nb6 18. Nb3 Nc4 19. Nc5 Re7 20. Bxc4 bxc4 21. Bg5 Qd6 22. Rb1 h6 23. Bf4 Qd8 24. Bxh6 Ne4 25. Bxg7 Kxg7 26. Nxe4 Rxe4 27. b5 Qb6 28. bxc6 Qxc6 29. Rfc1 Ra2 30. Rb8 Qc7 31. Rb5 Qd6 32. Rc5 f5 33. Rb1 Kh6 34. Rc8 Kg7 35. Rb7+ Re7 36. Rxe7+ Qxe7 37. Qxd5 Ra1+ 38. Kh2 Rf1 39. Qxc4 Qd6+ 40. f4 Re1 41. Qc7+ Qxc7 42. Rxc7+ Kf6 43. Rc3 Re2 44. Kg3 Rd2 45. Kf3 g5 46. Rc6+ 1-0


[Site "https://www.chess.com"]

[Event "Titled Tuesday Blitz February 14 Early 2023"]
[White "Hakobyan, Aram"]
[Black "Urazayev, Arystanbek"]
[WhiteFideId "13306677"]
[BlackFideId "13709810"]
[WhiteElo "2608"]
[BlackElo "2460"]
[Result "1-0"]
[Round "11"]
[TimeControl "180+2"]
[Date "2023.02.14"]
[WhiteClock "0:01:45"]
[BlackClock "0:00:25"]

1. e4 c5 2. Nf3 e6 3. d4 cxd4 4. Nxd4 Nf6 5. Nc3 Nc6 6. Be2 d6 7. Be3 Be7 8. O-O O-O 9. f4 e5 10. Nb3 Be6 11. f5 Bxb3 12. axb3 Nb4 13. Bf3 a6 14. g4 d5 15. exd5 e4 16. Bxe4 Nxe4 17. Nxe4 Nxd5 18. Bd4 f6 19. Qf3 Rc8 20. c3 Qc7 21. Rad1 Rfd8 22. h4 h6 23. Rd2 Bd6 24. g5 hxg5 25. hxg5 Bf4 26. Rg2 fxg5 27. Nxg5 Be5 28. Ne6 Bxd4+ 29. cxd4 1-0


[Site "https://www.chess.com"]

[Event "Titled Tuesday Blitz February 14 Early 2023"]
[White "Bharath Subramaniyam H"]
[Black "Kovalenko, Igor"]
[WhiteFideId "46634827"]
[BlackFideId "14117908"]
[WhiteElo "2517"]
[BlackElo "2674"]
[Result "0-1"]
[Round "11"]
[TimeControl "180+2"]
[Date "2023.02.14"]
[WhiteClock "0:00:03"]
[BlackClock "0:00:40"]

1. e4 d5 2. exd5 Qxd5 3. Nc3 Qa5 4. d4 Nf6 5. Nf3 Bf5 6. Bd2 e6 7. Bc4 Bb4 8. O-O O-O 9. a3 Bxc3 10. Bxc3 Qb6 11. Bb4 Rc8 12. Bc5 Qc6 13. Ne5 Qe8 14. Bb4 a5 15. Bd2 Nfd7 16. Qe2 Nxe5 17. dxe5 Bxc2 18. Bg5 Bg6 19. h4 h6 20. h5 Bh7 21. Bf4 Rd8 22. Qe3 Nc6 23. Bb5 Rd5 24. a4 Rad8 25. Rac1 Bd3 26. Bxc6 bxc6 27. Rfe1 Rd4 28. b3 Qe7 29. Qg3 Kh7 30. Be3 R4d7 31. Rxc6 Qb4 32. Rec1 Qxb3 33. Qf4 Bf5 34. Kh2 Qd3 35. Rxc7 Qe2 36. Rxd7 Rxd7 37. Qh4 Bc2 38. Kg3 Rc7 39. Kh2 Rc4 40. Qh3 Bf5 41. Qg3 Qxh5+ 42. Kg1 Rxc1+ 43. Bxc1 Qd1+ 44. Kh2 Qxc1 0-1


[Site "https://www.chess.com"]

[Event "Titled Tuesday Blitz February 14 Early 2023"]
[White "Ibarra Jerez, Jose Carlos"]
[Black "Predke, Alexandr"]
[WhiteFideId "2226332"]
[BlackFideId "24107581"]
[WhiteElo "2563"]
[BlackElo "2685"]
[Result "1-0"]
[Round "11"]
[TimeControl "180+2"]
[Date "2023.02.14"]
[WhiteClock "0:00:05"]
[BlackClock "0:00:04"]

1. e4 c5 2. Nc3 Nc6 3. Nge2 e6 4. d4 cxd4 5. Nxd4 Qc7 6. g4 a6 7. Be3 h6 8. Nxc6 bxc6 9. Bc4 Rb8 10. Bb3 Nf6 11. f3 d5 12. Qe2 Bd6 13. O-O-O Be5 14. h4 Nd7 15. exd5 cxd5 16. Nxd5 exd5 17. f4 Bxb2+ 18. Kxb2 O-O 19. g5 Qc4 20. Qg2 Nc5 21. Bxc5 Qxc5 22. gxh6 g6 23. h5 Kh7 24. Rhg1 Rb6 25. Rxd5 Qe7 26. Re5 Qf6 27. hxg6+ fxg6 28. Qg5 Qxf4 29. Re7+ Kh8 30. Qxf4 Rxf4 31. Re8+ Kh7 32. Rxc8 Kxh6 33. Rh8+ Kg7 34. Rh3 a5 35. Kc1 a4 36. Bd5 Rd4 37. Rd3 Rdb4 38. Kd2 Rf6 39. Rg2 Rb1 40. Bf3 Ra1 41. Rd7+ Kh6 42. Rh2+ Kg5 43. Rg2+ Kh6 44. Bd5 Rff1 45. Kc3 Rf6 46. Bg8 g5 47. Bc4 Kg6 48. Bd3+ Kh5 49. Rh7+ Rh6 50. Rh2+ Kg4 51. R2xh6 1-0


[Site "https://www.chess.com"]

[Event "Titled Tuesday Blitz February 14 Early 2023"]
[White "Remizov, Yaroslav"]
[Black "Yeletsky, Ivan"]
[WhiteFideId "34134015"]
[BlackFideId "24180327"]
[WhiteElo "2421"]
[BlackElo "2494"]
[Result "0-1"]
[Round "11"]
[TimeControl "180+2"]
[Date "2023.02.14"]
[WhiteClock "0:00:06"]
[BlackClock "0:00:11"]

1. e4 e5 2. Nf3 Nc6 3. Bc4 Nf6 4. Ng5 d5 5. exd5 Na5 6. Bb5+ c6 7. dxc6 bxc6 8. Bd3 Nd5 9. Nf3 Bd6 10. O-O O-O 11. Re1 f5 12. Nxe5 Qf6 13. Nf3 g5 14. c4 Nf4 15. Bf1 g4 16. d4 gxf3 17. Qxf3 Ne6 18. c5 Nxd4 19. Qc3 Be5 20. Qxa5 Nc2 21. Bg5 Qxg5 22. Rxe5 Nxa1 23. Qc7 Qg6 24. Bc4+ Kh8 25. Re7 f4 26. Bd3 Bf5 27. Qe5+ Qf6 28. Bxf5 Qxe5 29. Rxe5 Rab8 30. b3 Nxb3 31. axb3 Rxb3 32. Nd2 Rb2 33. Nf1 a5 34. Be4 Re2 35. f3 Rg8 36. g3 Rg7 37. Re8+ Rg8 38. Re7 Rg7 39. Re6 a4 40. Rxc6 Ra7 41. Rc8+ Kg7 42. c6 Re1 43. Kf2 Rc1 44. Nd2 a3 45. Nb3 a2 46. c7 Rcxc7 47. Rxc7+ Rxc7 48. gxf4 Rc3 49. Na1 Rc1 50. Nb3 Rb1 51. Bd5 Rxb3 52. Bxb3 a1=Q 53. Bd5 Qb2+ 54. Kg3 Kf6 55. Be4 Qc3 56. Bxh7 Qe1+ 57. Kg2 Qe2+ 58. Kg3 Qe1+ 59. Kg2 Kg7 60. Be4 Qd2+ 61. Kg3 Kh6 62. Bf5 Qe3 63. Bg4 Kg6 64. Bh3 Qg1+ 65. Bg2 Kf5 66. h4 Qe1+ 67. Kh3 Kxf4 68. Kh2 Qxh4+ 69. Kg1 Kg3 70. Kf1 Qc4+ 0-1


[Site "https://www.chess.com"]

[Event "Titled Tuesday Blitz February 14 Early 2023"]
[White "Lazavik, Denis"]
[Black "Rustemov, Alexander"]
[WhiteFideId "13515110"]
[BlackFideId "4119002"]
[WhiteElo "2544"]
[BlackElo "2525"]
[Result "1/2-1/2"]
[Round "11"]
[TimeControl "180+2"]
[Date "2023.02.14"]
[WhiteClock "0:00:04"]
[BlackClock "0:00:07"]

1. d4 d5 2. c4 c6 3. Nf3 Nf6 4. e3 a6 5. Bd3 Bg4 6. O-O e6 7. Nbd2 Nbd7 8. h3 Bxf3 9. Nxf3 Bd6 10. Qc2 O-O 11. b3 Qe7 12. Bb2 Ba3 13. Rfd1 a5 14. Nd2 Bxb2 15. Qxb2 Rfd8 16. a3 e5 17. cxd5 Nxd5 18. dxe5 Qxe5 19. Qc2 g6 20. Rac1 N7f6 21. Nf3 Qe7 22. Qb2 Re8 23. Bc4 Rad8 24. Rd4 Nb6 25. Bf1 Rxd4 26. Nxd4 Nbd5 27. Nf3 Ne4 28. Bc4 Qf6 29. Qc2 Nb6 30. Bd3 Qe7 31. Bxe4 Qxe4 32. Qc5 Nd5 33. Qxa5 Qd3 34. Qd2 Qxb3 35. Ra1 Qc3 36. Qd1 Ra8 37. Rb1 b5 38. Rc1 Qxa3 39. Rxc6 Nc3 40. Qc2 b4 41. Nd4 Qa1+ 42. Kh2 Qa2 43. Rb6 Qxc2 44. Nxc2 Ra2 45. Nxb4 Rxf2 46. Nd3 Re2 1/2-1/2


[Site "https://www.chess.com"]

[Event "Titled Tuesday Blitz February 14 Early 2023"]
[White "Vasquez Schroeder, Rodrigo"]
[Black "Shimanov, Aleksandr"]
[WhiteFideId "3400042"]
[BlackFideId "4198603"]
[WhiteElo "2524"]
[BlackElo "2581"]
[Result "1-0"]
[Round "11"]
[TimeControl "180+2"]
[Date "2023.02.14"]
[WhiteClock "0:00:15"]
[BlackClock "0:00:02"]

1. d4 Nf6 2. Nf3 e6 3. e3 h6 4. Bd3 g5 5. h3 Bg7 6. c4 d6 7. Nc3 Nc6 8. a3 Bd7 9. Rb1 a5 10. b4 axb4 11. axb4 Ne7 12. b5 b6 13. Qc2 Bc8 14. Nd2 Bb7 15. Nde4 Nd7 16. O-O f5 17. Ng3 Nf6 18. d5 exd5 19. Nxf5 Nxf5 20. Bxf5 Qe7 21. cxd5 Nxd5 22. Bg6+ Kd8 23. Nxd5 Bxd5 24. e4 Ra2 25. Qd3 Bb7 26. Be3 Kc8 27. Rfc1 Kb8 28. Qc4 Ra7 29. Rc2 Rc8 30. Rbc1 Ba8 31. Bxb6 Rb7 32. Be3 Qe5 33. Bf5 Rd8 34. b6 c5 35. Qa6 Re7 36. Ra2 Bxe4 37. Bxe4 Qxe4 38. Ra4 Qc6 39. Rb1 Qb7 40. Qb5 Qd7 41. Qb3 Qc6 42. Ra6 Rb7 43. Qa2 Kc8 44. Qe6+ Qd7 45. Qd5 Qe7 46. Qc6+ Kb8 47. Qa4 Kc8 48. Ra8+ Rb8 49. Qc6+ 1-0


[Site "https://www.chess.com"]

[Event "Titled Tuesday Blitz February 14 Early 2023"]
[White "Demchenko, Anton"]
[Black "Postny, Evgeny"]
[WhiteFideId "4160258"]
[BlackFideId "2804344"]
[WhiteElo "2623"]
[BlackElo "2549"]
[Result "0-1"]
[Round "11"]
[TimeControl "180+2"]
[Date "2023.02.14"]
[WhiteClock "0:00:03"]
[BlackClock "0:00:06"]

1. e4 c5 2. Nf3 e6 3. d4 cxd4 4. Nxd4 a6 5. Nd2 Bc5 6. c3 Nc6 7. N4b3 Be7 8. Nc4 d5 9. exd5 exd5 10. Ne3 Nf6 11. Be2 O-O 12. O-O Bd6 13. Bf3 Be6 14. g3 Bh3 15. Re1 Ne5 16. Bh1 Re8 17. Nd4 Bc5 18. Bg2 Qd7 19. f3 Nc4 20. b3 Ne5 21. Bb2 h5 22. Qd2 Bxg2 23. Kxg2 h4 24. Rad1 h3+ 25. Kf2 Nxf3 26. Kxf3 Ne4 27. Qd3 Re5 28. g4 Rae8 29. Nef5 g6 30. Ng3 Ng5+ 31. Kf2 Qxg4 32. Rxe5 Rxe5 33. Re1 Bxd4+ 34. cxd4 Rxe1 35. Kxe1 Nf3+ 36. Kf2 Nxh2 37. Qe3 Qc8 38. Ba3 Ng4+ 39. Ke2 Nxe3 40. Kxe3 Qg4 0-1


[Site "https://www.chess.com"]

[Event "Titled Tuesday Blitz February 14 Early 2023"]
[White "Zhigalko, Sergei"]
[Black "Harsh Suresh"]
[WhiteFideId "13502956"]
[BlackFideId "45018464"]
[WhiteElo "2572"]
[BlackElo "2298"]
[Result "1-0"]
[Round "11"]
[TimeControl "180+2"]
[Date "2023.02.14"]
[WhiteClock "0:00:05"]
[BlackClock "0:00:02"]

1. e4 c6 2. d4 d5 3. e5 Bf5 4. Nf3 e6 5. Be2 c5 6. Be3 Qb6 7. Nc3 c4 8. Na4 Qa5+ 9. c3 Nd7 10. b4 Qc7 11. O-O h6 12. Nh4 Bh7 13. f4 Ne7 14. g4 Be4 15. f5 g5 16. fxe6 fxe6 17. Nf3 b6 18. Nd2 Bg6 19. Qe1 Bg7 20. Qg3 O-O-O 21. Rae1 Rdf8 22. Nf3 Kb7 23. Nb2 Rf7 24. Nd2 Rhf8 25. Qg2 Kb8 26. Nd1 Qc8 27. a4 Qa6 28. Nb2 Qc8 29. h3 Rxf1+ 30. Bxf1 a6 31. Be2 Rf7 32. Bf2 Bh7 33. Nbxc4 dxc4 34. Nxc4 Nd5 35. Nd6 Qf8 36. Nxf7 Qxf7 37. Bxa6 Ka7 38. Bb5 Nf4 39. Qf3 Nb8 40. Be3 Qc7 41. Bxf4 gxf4 42. Rf1 Bc2 43. Qxf4 Qxc3 44. Qf7+ Ka8 45. Qf3+ Qxf3 46. Rxf3 h5 47. Rf7 Bh6 48. gxh5 Be3+ 49. Kf1 Bxd4 50. h6 Bg6 51. h7 Bxe5 52. Re7 Bd4 53. h4 Bf5 54. h5 Bf6 55. Rf7 Be5 56. Ke2 Be4 57. Bd3 Bxd3+ 58. Kxd3 Nc6 59. Rf8+ Kb7 60. Ke4 1-0


[Site "https://www.chess.com"]

[Event "Titled Tuesday Blitz February 14 Early 2023"]
[White "Sychev, Klementy"]
[Black "Kukhmazov, Arsen"]
[WhiteFideId "4114060"]
[BlackFideId "24108260"]
[WhiteElo "2547"]
[BlackElo "2512"]
[Result "0-1"]
[Round "11"]
[TimeControl "180+2"]
[Date "2023.02.14"]
[WhiteClock "0:00:01"]
[BlackClock "0:00:02"]

1. e4 c6 2. c4 d5 3. cxd5 cxd5 4. exd5 Qxd5 5. Nc3 Qd8 6. d4 e6 7. Nf3 Nf6 8. Bd3 Be7 9. O-O Nc6 10. Qe2 Nb4 11. Bc4 O-O 12. Rd1 b6 13. Ne5 Bb7 14. Bg5 Nbd5 15. Rac1 Rc8 16. Bb3 Nxc3 17. bxc3 Ne4 18. Bxe7 Qxe7 19. Qe3 Nd6 20. Re1 Qf6 21. a4 Rfe8 22. f3 Red8 23. Qf2 h6 24. Red1 Qe7 25. Qa2 Nf5 26. Re1 Bd5 27. Bxd5 Rxd5 28. Qb3 Qg5 29. Qb2 f6 30. Ng4 h5 31. Nf2 Nh4 32. Ne4 Qg6 33. Qe2 Kh7 34. Kh1 Re8 35. Rc2 Nf5 36. Nf2 e5 37. Ne4 Rdd8 38. dxe5 Rxe5 39. Rd2 Rde8 40. Rdd1 h4 41. Qf2 Qh6 42. Rg1 Ng3+ 43. Nxg3 hxg3 44. Qxg3 Rg5 45. Qf4 Ree5 46. Rd7 Ref5 47. Qc7 Rh5 48. Re1 Re5 49. Rxe5 Rxh2+ 50. Kg1 Rh1+ 51. Kf2 Qh4+ 52. Ke3 Qe1+ 53. Kd4 fxe5+ 54. Kd5 Qd2+ 55. Kc6 Qh6+ 56. Kb7 Rg1 57. Qxe5 Rxg2 58. f4 Rg4 59. f5 Qg5 60. Qe6 Rf4 61. Rd1 Qg2+ 62. Kb8 Qg3 63. Rh1+ Rh4+ 64. Ka8 Rxh1 65. f6 Qg6 0-1


[Site "https://www.chess.com"]

[Event "Titled Tuesday Blitz February 14 Early 2023"]
[White "Gharibyan, Mamikon"]
[Black "Costachi, Mihnea"]
[WhiteFideId "13308300"]
[BlackFideId "1217518"]
[WhiteElo "2500"]
[BlackElo "2476"]
[Result "1-0"]
[Round "11"]
[TimeControl "180+2"]
[Date "2023.02.14"]
[WhiteClock "0:00:07"]
[BlackClock "0:00:08"]

1. e4 e5 2. Nf3 Nc6 3. Nc3 Nf6 4. h3 Bb4 5. Nd5 Bc5 6. Nxf6+ Qxf6 7. Bc4 d6 8. d3 h6 9. c3 Be6 10. b4 Bb6 11. Qb3 O-O 12. a4 a6 13. a5 Ba7 14. Bd5 Bxd5 15. Qxd5 Qg6 16. O-O Kh8 17. Bd2 Rab8 18. Qc4 Qe6 19. Rfe1 Qe7 20. d4 f5 21. exf5 Rxf5 22. d5 Nd8 23. Be3 Bxe3 24. fxe3 Nf7 25. Nh4 Rg5 26. Qe4 Kg8 27. Rf1 Nh8 28. c4 Qe8 29. c5 Qh5 30. Nf5 Ng6 31. Kh2 Qe2 32. Rae1 Qd2 33. h4 Rxf5 34. Qxf5 Nxh4 35. Qg4 g5 36. cxd6 cxd6 37. Re2 Qxd5 38. e4 Qc4 39. Ref2 Ng6 40. Rf6 Nf8 41. R1f5 Kg7 42. Rf7+ Qxf7 43. Rxf7+ Kxf7 44. Qf3+ Ke7 45. Qh3 Ne6 46. Qxh6 Rc8 47. Qh7+ Kf6 48. Qxb7 Rc2 49. Qxa6 Ke7 50. Kg1 Nf4 51. g3 Nh3+ 52. Kf1 Rf2+ 53. Ke1 Rg2 54. Qf1 Rxg3 55. a6 Re3+ 56. Kd2 Ra3 57. b5 Nf4 58. Kc2 g4 59. Kb2 Ra5 60. b6 g3 61. a7 g2 62. Qg1 Rb5+ 63. Ka3 Ra5+ 64. Kb4 Ra2 65. b7 Nh3 66. Qxg2 Rxg2 67. b8=Q Rb2+ 68. Kc3 Rxb8 69. axb8=Q Ng5 70. Qc7+ Ke6 71. Qc6 Nf3 72. Kc4 Nd4 73. Qe8+ Kf6 74. Kd5 Nf3 75. Kxd6 Kg5 76. Qg8+ Kf4 77. Kd5 Ke3 78. Qf8 Nh4 79. Qh6+ Kd3 80. Qxh4 Kc3 81. Kxe5 Kb3 82. Kd5 Kc3 83. e5 Kd3 84. e6 1-0


[Site "https://www.chess.com"]

[Event "Titled Tuesday Blitz February 14 Early 2023"]
[White "Matinian, Nikita"]
[Black "Murzin, Volodar"]
[WhiteFideId "24129100"]
[BlackFideId "44155573"]
[WhiteElo "2407"]
[BlackElo "2604"]
[Result "0-1"]
[Round "11"]
[TimeControl "180+2"]
[Date "2023.02.14"]
[WhiteClock "0:00:03"]
[BlackClock "0:00:17"]

1. e4 c6 2. d4 d5 3. e5 Bf5 4. Nf3 e6 5. Be2 Ne7 6. O-O h6 7. Nbd2 Nd7 8. Nb3 Nc8 9. a4 Be7 10. a5 a6 11. Be3 O-O 12. c4 dxc4 13. Bxc4 Na7 14. Bd3 Bg4 15. h3 Bxf3 16. gxf3 Kh8 17. f4 Qe8 18. Kh2 f5 19. Rg1 Qf7 20. Qc2 Rg8 21. Qd2 Nb5 22. Rg2 Nc7 23. Rag1 Nd5 24. Qe2 g6 25. Nd2 Rg7 26. Nf3 Rag8 27. Bb1 Bb4 28. h4 Bxa5 29. Bc1 Bd8 30. Kh3 Qe7 31. b3 Nc3 32. Qd3 Nxb1 33. Qxb1 Nb6 34. Qc2 Nd5 35. Qc5 Kh7 36. Qxe7 Bxe7 37. Ne1 Rd8 38. Nd3 h5 39. Be3 Nb4 40. Ne1 Nd5 41. Nf3 Nc3 42. Ra1 Kg8 43. Rc1 Nd5 44. Ra1 Kf7 45. Bc1 Nb4 46. Ba3 Nc2 47. Bxe7 Kxe7 48. Rag1 Nxd4 49. Nxd4 Rxd4 50. Rxg6 Rd3+ 51. Kh2 Rxg6 52. Rxg6 Rxb3 53. Rg7+ Kf8 54. Rg6 Kf7 55. Rf6+ Ke7 56. Rh6 a5 57. Rxh5 a4 58. Rh8 a3 59. Ra8 b5 60. h5 Kf7 61. Ra7+ Kg8 62. h6 b4 63. f3 Rxf3 64. Rg7+ Kh8 65. Rg6 a2 0-1


[Site "https://www.chess.com"]

[Event "Titled Tuesday Blitz February 14 Early 2023"]
[White "Samunenkov, Ihor"]
[Black "Jaracz, Pawel"]
[WhiteFideId "14187086"]
[BlackFideId "1102222"]
[WhiteElo "2501"]
[BlackElo "2467"]
[Result "1-0"]
[Round "11"]
[TimeControl "180+2"]
[Date "2023.02.14"]
[WhiteClock "0:00:04"]
[BlackClock "0:00:06"]

1. e4 c6 2. d4 d5 3. e5 c5 4. dxc5 e6 5. Nf3 Bxc5 6. a3 Nd7 7. b4 Bb6 8. Bb2 a5 9. Nbd2 Ne7 10. Bd3 Ng6 11. g3 Qc7 12. Qe2 axb4 13. axb4 Rxa1+ 14. Bxa1 O-O 15. O-O f6 16. exf6 Nxf6 17. c4 dxc4 18. Nxc4 Ba7 19. Bxg6 hxg6 20. Bd4 b5 21. Nce5 Bxd4 22. Nxd4 Qd6 23. Rd1 Rd8 24. Qxb5 Ba6 25. Qc5 Ne4 26. Qxd6 Rxd6 27. Ra1 Rxd4 28. Rxa6 Rxb4 29. Rxe6 g5 30. Kg2 Ra4 31. h3 Ra2 32. Re8+ Kh7 33. Ng4 Nf6 34. Re5 Nxg4 35. hxg4 Kg6 36. Re6+ Kf7 37. Re4 Kf6 38. Kf3 Ra3+ 39. Re3 Ra2 40. Rb3 Ra4 41. Ke3 Kg6 42. Kf3 Kh6 43. Re3 Kg6 44. Re6+ Kf7 45. Re4 Ra3+ 46. Re3 Ra4 47. Re4 Ra3+ 48. Kg2 Ra2 49. Rd4 Ra3 50. Rc4 Ra2 51. Kf3 Rb2 52. Ke3 Kf6 53. Rc6+ Kf7 54. Rc7+ Kf6 55. Rc4 Ra2 56. Rb4 Rb2 57. Rxb2 1-0


[Site "https://www.chess.com"]

[Event "Titled Tuesday Blitz February 14 Early 2023"]
[White "Orozbaev, Eldiar"]
[Black "Papasimakopoulos, Alexandros"]
[WhiteFideId "13802240"]
[BlackFideId "4244125"]
[WhiteElo "2235"]
[BlackElo "2401"]
[Result "1-0"]
[Round "11"]
[TimeControl "180+2"]
[Date "2023.02.14"]
[WhiteClock "0:00:04"]
[BlackClock "0:00:02"]

1. g4 d5 2. Bg2 c6 3. c4 dxc4 4. h3 e5 5. Nc3 Be6 6. Nf3 Nd7 7. O-O Bc5 8. d4 cxd3 9. exd3 h5 10. Ng5 Qe7 11. Nxe6 Qxe6 12. Ne4 Bb6 13. Be3 hxg4 14. hxg4 Ngf6 15. Bxb6 axb6 16. Qb3 Qxb3 17. axb3 Ke7 18. Ng3 g6 19. g5 Nd5 20. Bxd5 cxd5 21. b4 Kd6 22. Kg2 Rxa1 23. Rxa1 Rh4 24. Ra7 Kc7 25. Nf1 Rg4+ 26. Kf3 Rxg5 27. Ne3 Nf6 28. Ra8 d4 29. Nc4 Rf5+ 30. Ke2 Nd5 31. b5 Nf4+ 32. Kf3 Ne6+ 33. Ke4 Nc5+ 34. Kd5 e4+ 35. Kxd4 exd3 36. Ne3 Rxf2 37. Nd5+ Kd6 38. Rd8+ Ke6 39. Re8+ Kd7 40. Re7+ Kd8 41. Re1 d2 42. Rd1 Ne6+ 43. Kc3 Rf5 44. Nxb6 Rxb5 45. Rxd2+ Ke7 46. Nd5+ Kf8 47. b4 Rxd5 48. Rxd5 Ke7 49. Rb5 Nd8 50. Kd4 Kd7 51. Ke5 Ke7 52. Ke4 f6 53. Rc5 Kd6 54. Rd5+ Ke7 55. b5 Ne6 56. b6 f5+ 57. Ke5 Nf8 58. Rd6 Nd7+ 59. Kd5 g5 60. Re6+ Kf7 61. Rd6 Ke7 62. Rg6 f4 63. Rg7+ Ke8 64. Ke6 Nf8+ 65. Kd6 f3 66. Rxb7 f2 67. Re7+ Kd8 68. Rf7 Nd7 69. Rxd7+ Ke8 70. b7 f1=Q 71. b8=Q# 1-0


[Site "https://www.chess.com"]

[Event "Titled Tuesday Blitz February 14 Early 2023"]
[White "Galchenko, Matvey"]
[Black "Kamsky, Gata"]
[WhiteFideId "24175480"]
[BlackFideId "2000024"]
[WhiteElo "2438"]
[BlackElo "2665"]
[Result "1-0"]
[Round "11"]
[TimeControl "180+2"]
[Date "2023.02.14"]
[WhiteClock "0:00:03"]
[BlackClock "0:00:01"]

1. f4 d5 2. Nf3 Nf6 3. g3 g6 4. Bg2 Bg7 5. O-O O-O 6. d3 Nc6 7. Nc3 d4 8. Ne4 Nxe4 9. dxe4 e5 10. e3 dxe3 11. Bxe3 exf4 12. Bxf4 Bxb2 13. Qxd8 Rxd8 14. Rab1 Bg7 15. Bxc7 Rd7 16. Bf4 Re7 17. Rfe1 Be6 18. a3 Rd8 19. Bg5 f6 20. Be3 Red7 21. Bf1 Bf8 22. a4 b6 23. Bb5 Rc7 24. Red1 Rxd1+ 25. Rxd1 Bg4 26. Rf1 Kg7 27. Bf4 Rc8 28. e5 Be7 29. exf6+ Bxf6 30. Bxc6 Rxc6 31. Ne5 Bxe5 32. Bxe5+ Kg8 33. c3 Bh3 34. Ra1 Rc5 35. Bd4 Ra5 36. Kf2 Be6 37. Re1 Kf7 38. Ra1 Bc4 39. Ke3 Ke6 40. Kd2 Kd6 41. Kc2 g5 42. Kb2 g4 43. Ka3 Rh5 44. Kb4 Bd5 45. a5 Bc6 46. axb6 axb6 47. Ra2 Rb5+ 48. Kc4 Rb1 49. Kd3 b5 50. Rf2 Re1 51. Rf6+ Kd7 52. Rf4 h5 53. Rf7+ 1-0


[Site "https://www.chess.com"]

[Event "Titled Tuesday Blitz February 14 Early 2023"]
[White "Iskusnyh, Sergei"]
[Black "Avinash, Ramesh"]
[WhiteFideId "4120027"]
[BlackFideId "45018340"]
[WhiteElo "2440"]
[BlackElo "2319"]
[Result "0-1"]
[Round "11"]
[TimeControl "180+2"]
[Date "2023.02.14"]
[WhiteClock "0:00:11"]
[BlackClock "0:01:01"]

1. d4 Nf6 2. c4 g6 3. g3 Bg7 4. Bg2 O-O 5. Nc3 d6 6. Nf3 Nc6 7. d5 Na5 8. b3 c5 9. Bb2 a6 10. O-O Rb8 11. Nd2 b5 12. Rb1 bxc4 13. bxc4 Ng4 14. Qc2 Bf5 15. e4 Bd7 16. Nd1 Ne5 17. f4 Rxb2 18. Rxb2 Ng4 19. h3 Bxb2 20. Qxb2 Nh6 21. Nf2 Qb8 22. Rb1 Qxb2 23. Rxb2 Rc8 24. Rb6 Ra8 25. Nd3 f6 26. Kf2 Nf7 27. Ke3 Nd8 28. e5 Ndb7 29. e6 Ba4 30. Nb2 Bc2 31. Be4 Bxe4 32. Kxe4 Kf8 33. Kd3 Ke8 34. Na4 Kd8 35. g4 Kc7 36. Rb1 h6 37. h4 Rh8 38. Rh1 h5 39. g5 f5 40. Rb1 Rb8 41. Rb6 Ra8 42. Nb3 Nxb3 43. Rc6+ Kd8 44. axb3 Na5 45. Rb6 Kc7 46. Kc3 Ra7 47. b4 cxb4+ 48. Kxb4 Nb7 49. Rc6+ Kb8 50. Nb6 Nc5 51. Ka5 Nb7+ 52. Kb4 Nc5 53. Rxc5 dxc5+ 54. Kxc5 Kc7 55. Na4 Rb7 56. Kd4 Rb1 57. c5 Rb4+ 58. Ke5 Re4# 0-1


[Site "https://www.chess.com"]